← All builds
Tech / Armada / Economy first / OBSERVED BUILD

Standard tech

Armada Tech (Eco) build order · Supreme Isthmus

Rushes T2 by 4:15, gets Advanced Metal Extractor around 5:28, hands off T2 constructors to Geo and the team, then scales eco and supplies the team's T2 needs through the rest of the game.

Usually first T2 con to Geo (83%)

#eco #t2 #team support · 1579 distinct matches · 255 players · 58% of Armada Tech games · team won 53% of 1874 · Recently observed

HOW TO PLAY IT

Key timing: T2 factory by 4:15

  1. Open 3 mex and heavy wind to fund a fast T2 rush.
  2. Put down Bot Lab, planning to eat it for reclaim soon after.
  3. Get Advanced Bot Lab up, hitting the T2 factory rush timing.
  4. Upgrade mex to Advanced Metal Extractor to lock in team metal income.
  5. Eat Advanced Bot Lab and keep sending cons to Geo and Pond.

Phase by phase

TYPICAL OF ITS 1579 GAMES
  1. 1
  2. 2
  3. 3
  4. 4
PLAY THE OPENING

Follow the example game's first 6:00 step by step: what to build now, what comes next, and where it goes. At 1× it keeps pace with your own game.

  1. 1

    Up to the Bot Lab

    Economy
    • Metal Extractor3Mex
    • Wind Turbine4Wind
    Order
    1. Bot LabBot Lab after 3 mex, 4 winddone ~1:18, middle half 1:13–1:32

    Some games also: energy storage (31%)

    By 1:01 in all: 3 mex · 4 wind

    The example game in this phase · 3 steps
    1. Mex ×3
    2. Wind ×4
    3. Bot LabBot Labdone 1:13 · typical 1:18
  2. 2

    Bot Lab to Advanced Bot Lab

    Economy
    • Metal Extractor1Mex
    • Wind Turbine8Wind
    • Energy Storage1Energy storage
    Order
    1. Advanced Bot LabAdvanced Bot Lab after 4 mex, 12 wind, 3 con turretdone ~4:16, middle half 4:04–4:30
    Builders
    • Construction Turret3 Con turret
    • Lazarus3 Lazarus
    • Construction Bot2 Con bot
    • Construction Bot1 Con bot for allies

    Some games also: converter (36%)

    By 3:18 in all: 4 mex · 12 wind · 1 energy storage · 3 con turret

    The example game in this phase · 18 steps
    1. LazarusLazarus ×2
    2. Construction BotCon botfor unknown
    3. Wind
    4. Construction BotCon bot
    5. LazarusLazarus ×2
    6. Con turret
    7. Mex
    8. Wind
    9. Con turret
    10. Wind ×2
    11. Converter ×2
    12. Wind ×3
    13. Con turret
    14. Wind
    15. Energy storage
    16. Wind ×2
    17. Converter
    18. Advanced Bot LabAdvanced Bot Labdone 4:12 · typical 4:16
  3. 3

    Advanced Bot Lab to 5:00

    Economy
    • Wind Turbine3Wind
    Order
    1. Bot LabEat Bot Lab
    Builders
    • Advanced Construction Bot1 T2 con bot for allies

    Some games also: converter (35%)

    By 5:00 in all: 4 mex · 15 wind · 1 converter · 1 energy storage · 3 con turret

    The example game in this phase · 5 steps
    1. Bot LabEat Bot Labreclaimed for its metal
    2. Advanced Construction BotT2 con botfor Geo
    3. SharpshooterSniper botfor Ponddone 4:45
    4. Advanced Metal ExtractorT2 mexnot finished by 15:00 · typical 5:29
    5. Advanced Construction BotT2 con botfor unknown
  4. 4

    5:00 to 10:00

    Economy
    • Wind Turbine43Wind
    • Energy Converter6Converter
    Builders
    • Butler9 Butler
    • Advanced Construction Bot4 T2 con bot for allies
    • Advanced Construction Bot1 T2 con bot

    Some games also: con turret (43%) · Butler for allies (36%)

    By 10:00 in all: 4 mex · 58 wind · 8 converter · 1 energy storage · 3 con turret

    The example game in this phase · 185 steps
    1. Advanced Metal ExtractorT2 mex ×3
    2. Advanced Construction BotT2 con botfor Geo sea
    3. Wind
    4. ButlerButler
    5. Wind
    6. ButlerButler
    7. Wind
    8. Advanced Metal ExtractorT2 mex
    9. ButlerButler
    10. Wind
    11. ButlerButler ×3
    12. Wind ×2
    13. ButlerButler
    14. Wind ×3
    15. ButlerButler
    16. Wind ×4
    17. Advanced Construction BotT2 con botfor Beach sea
    18. Converter
    19. Wind ×3
    20. Converter
    21. Wind ×2
    22. Advanced Construction BotT2 con botfor Pond
    23. Wind
    24. Converter
    25. Wind ×3
    26. Converter
    27. Wind ×2
    28. ButlerButler
    29. Wind
    30. Converter
    31. Wind ×2
    32. ButlerButler
    33. Wind ×8
    34. Converter
    35. Wind ×2
    36. SharpshooterSniper bot
    37. Wind
    38. Converter ×2
    39. Wind ×4
    40. Energy storage
    41. Wind ×3
    42. Converter
    43. Wind ×3
    44. Converter
    45. Wind
    46. SharpshooterSniper bot
    47. Converter
    48. Wind ×6
    49. Converter
    50. Wind ×3
    51. Converter
    52. Wind ×2
    53. Converter
    54. Wind ×4
    55. PlatypusPlatypus
    56. Wind ×2
    57. Converter
    58. Wind ×2
    59. Converter
    60. Wind
    61. PlatypusPlatypus
    62. Wind
    63. Converter
    64. Wind ×4
    65. PlatypusPlatypus
    66. Wind ×2
    67. Converter
    68. Wind ×2
    69. Converter
    70. FerretFerret
    71. Wind
    72. PlatypusPlatypus
    73. Wind ×2
    74. Converter
    75. Wind ×3
    76. FerretFerret
    77. Wind ×3
    78. Converter ×2
    79. PlatypusPlatypus
    80. Wind ×4
    81. Converter
    82. Wind ×5
    83. Converter ×2
    84. PlatypusPlatypus
    85. Wind ×3
    86. Converter
    87. Wind ×2
    88. PlatypusPlatypus
    89. Wind ×3
    90. Converter
    91. Wind
    92. Converter
    93. PlatypusPlatypus
    94. Wind ×4
    95. PlatypusPlatypus
    96. Wind ×2
    97. Converter
    98. Wind ×4
    99. PlatypusPlatypus
    100. Converter
    101. Wind
    102. Converter
    103. Wind ×2
    104. PlatypusPlatypus
    105. Wind ×4
    106. PlatypusPlatypus
    107. Converter
    108. Wind ×4
    109. Converter
    110. Wind
    111. PlatypusPlatypus
    112. Wind
    113. Converter
    114. Wind ×2
    115. PlatypusPlatypus
    116. Wind ×2
    117. Converter
    118. Wind ×2
    119. PlatypusPlatypus
    120. Wind ×2
    121. Converter
    122. Wind
    123. PlatypusPlatypus
    124. Wind ×2
    125. Converter
    126. Wind ×2
    127. PlatypusPlatypus
    128. Wind ×3
    129. Converter
    130. Wind
    131. PlatypusPlatypus
    132. Wind ×2
    133. Converter
    134. Wind ×2
    135. PlatypusPlatypus
    136. Wind
    137. Converter
    138. Wind ×2
    139. PlatypusPlatypus
    140. Wind ×2
    141. Converter
    142. Wind ×2
    143. PlatypusPlatypus
    144. Wind
    145. Converter
    146. Wind
    147. Converter
    148. Wind ×2
    149. PlatypusPlatypus
    150. Wind ×3
    151. Converter
    152. Wind
    153. PlatypusPlatypus
    154. Wind ×2
    155. Converter
    156. Wind ×2
    157. PlatypusPlatypus
    158. Wind ×2
    159. Converter ×2
    160. Wind
    161. PlatypusPlatypus
    162. Wind ×4
    163. Converter
    164. PlatypusPlatypus
    165. Wind ×4
    166. Converter
    167. PlatypusPlatypus
    168. Wind
    169. Converter
    170. Wind ×3
    171. PlatypusPlatypus
    172. Wind ×2
    173. Converter
    174. Wind
    175. PlatypusPlatypus
    176. Wind ×3
    177. Converter
    178. WelderWelder
    179. Wind ×3
    180. Converter
    181. Wind ×3
    182. WelderWelder
    183. Wind ×2
    184. Converter
    185. Wind

Counts are medians over the build's games: half of them build more, half fewer. The example game is Syphos's (42 OS, 14/10/2026); pick another.

Team trades

IN AT LEAST 30% OF ITS GAMES

You hand over

  • Construction Bot1 Con bot to Airfirst at 2:23 · in 84% of games
  • Advanced Construction Bot5 T2 con bot to Air or Geo sea or Pondfirst at 4:50 · in 99% of games
  • Butler2 Butler to Geo sea or Beach sea or Pondfirst at 9:07 · in 42% of games

You get

  • Hercules1 Light transport from Airfirst at 4:01 · in 86% of games

How it plays out

Typical game of this build, running totals by minute

Metal produced

020k40k
0:005:0010:0015:00

metal

Enemy metal destroyed

050100
0:005:0010:0015:00

metal

Own metal lost

050100150
0:005:0010:0015:00

metal

1874 games.

Show as table
ByMetal produced: This buildEnemy metal destroyed: This buildOwn metal lost: This build
1:0038300
2:0091500
3:00165100
4:00314400
5:00484700
6:00580000
7:00722700
8:00906100
9:001117300
10:001350300
11:001624200
12:001965600
13:002344500
14:0027362073
15:003154285130
WHAT THE NUMBERS SAY

Standard Tech play barely fights at all early, instead pouring metal into T2 infrastructure and constructors for the team.

  • + Metal produced hits 31679 by 15:00, by far the highest of any role here.
  • + T2 factory reached in 97% of games by 4:15, fastest and most reliable T2 timing.
  • − Enemy metal destroyed stays at 0 through 10:00, no early offense at all.
  • − Own metal lost also near 0, showing total avoidance of combat risk.
THE EXAMPLE YOU ARE READING

Syphos

42.1 OS · 14/10/2026

Open source match ↗

4 received units
2385 metal received · 92431 energy received

Allied construction assistance is unknown. Timings are observations, not a promise of solo reproducibility.

Typical milestones

Bot Lab1:18Middle 50%: 1:13–1:32 · n=1874
Advanced Bot Lab4:16Middle 50%: 4:04–4:30 · n=1867
Advanced Metal Extractor5:29Middle 50%: 5:05–5:59 · n=1870

Played most by

Amrissa93games of this buildTheGeneraI66games of this buildAdeus57games of this buildEl_Turco56games of this buildKOT_43games of this build
Standard tech · Armada Tech (Eco) build order · BAR Build Atlas